 Dungeon Crawl Stone Soup version 0.19.1-1-g22dce08 (webtiles) character file.

123 ponk the Slasher (level 4, -6/35 HPs)
             Began as a Demonspawn Abyssal Knight on Jan 19, 2017.
             Was a Believer of Lugonu.
             Mangled by a gnoll
             ... wielding a +0 halberd
              (12 damage)
             ... on level 3 of the Dungeon.
             The game lasted 00:05:40 (1678 turns).

ponk the Slasher (Demonspawn Abyssal Knight)        Turns: 1678, Time: 00:05:41

Health: -6/35      AC: 11    Str: 12    XL:     4   Next: 80%
Magic:  5/5        EV:  5    Int: 13    God:    Lugonu [**....]
Gold:   129        SH:  0    Dex: 14    Spells: 0 memorised, 3 levels left

rFire  . . .     SeeInvis .     a - +1 falchion
rCold  . . .     Gourm    .     e - +0 chain mail
rNeg   . . .     Faith    .     (no shield)
rPois  .         Spirit   .     j - +2 helmet
rElec  .         Reflect  .     (no cloak)
rCorr  .         Harm     .     (no gloves)
MR     .....                    (no boots)
Stlth  ..........               k - amulet of regeneration
                                (no ring)
                                d - ring of flight

@: no status effects
A: claws 2
a: Depart the Abyss, Bend Space, Renounce Religion, Evoke Flight


You were on level 3 of the Dungeon.
You worshipped Lugonu.
Lugonu was pleased with you.
You were not hungry.

You visited 1 branch of the dungeon, and saw 3 of its levels.
You visited the Abyss 1 time.

You collected 129 gold pieces.

Inventory:

Hand Weapons
 a - a +1 falchion (weapon)
 v - a +0 dagger of speed
Armour
 e - a +0 chain mail (worn)
 j - a +2 helmet (worn)
Jewellery
 d - a ring of flight (left claw)
 k - an amulet of regeneration (around neck)
 o - an uncursed amulet of magic regeneration
Wands
 i - a wand of enslavement (0/24)
Scrolls
 f - a scroll of enchant armour {unknown}
 h - a scroll of blinking
 m - a scroll of immolation {unknown}
 p - a scroll of remove curse {unknown}
 s - a scroll of teleportation {unknown}
Potions
 b - 3 potions of mutation
 l - a potion of curing
 q - a potion of invisibility {unknown}
Comestibles
 c - 3 bread rations
 g - a meat ration
 n - a beef jerky
 r - 5 fruits
 t - 12 chunks of flesh


   Skills:
 - Level 3.4 Fighting
 + Level 4.2 Long Blades
 - Level 1.9 Armour
 - Level 0.8 Dodging
 - Level 2.5 Invocations


You had 3 spell levels left.
You didn't know any spells.

Dungeon Overview and Level Annotations

Branches:
Dungeon (3/15)

Altars:
Xom


Innate Abilities, Weirdness & Mutations

You have very sharp fingernails.


Message History

The gnoll hits you from afar with a spear.
You hit the gnoll but do no damage.
The gnoll is heavily wounded.
The gnoll hits you but does no damage.
The gnoll hits you from afar with a spear!
You barely miss the gnoll.
The gnoll is heavily wounded.
The gnoll hits you with a halberd.
The gnoll hits you from afar with a spear.
* * * LOW HITPOINT WARNING * * *
You hit the gnoll.
The gnoll is severely wounded.
The gnoll barely misses you. x2
You barely miss the gnoll.
The gnoll is severely wounded.
The gnoll hits you but does no damage. The gnoll hits you with a halberd!
* * * LOW HITPOINT WARNING * * *
You feel better. The gnoll completely misses you.
The gnoll hits you with a halberd!
You die...

###......#
#.##.#........#
........##
#.##.##########
####.#### #.##.#
#.#######.##.# ##
#.........##.# ..
############.# .#
#.# .####
#######.##....##%
#.......@gg......
#.#####.##....##.
#... .####
#.......
##...#### ##.##
#.# #.#


You could see 2 gnolls.

Vanquished Creatures
  Robin (D:3)
  2 gnolls (D:3)
  2 adders (D:2)
  2 oozes (D:2)
  A worm (D:3)
  A dart slug (D:1)
  3 leopard geckos
  5 orcs (D:3)
  7 bats
  A giant cockroach (D:1)
  10 goblins
  12 hobgoblins
  A frilled lizard (D:1)
  3 rats
51 creatures vanquished.

Vanquished Creatures (others)
  4 plants (D:3)
4 creatures vanquished.

Grand Total: 55 creatures vanquished

Notes
Turn   | Place    | Note
-------+----------+-------------------------------------------
     0 | Abyss:1  | ponk the Demonspawn Abyssal Knight began the quest for the Orb.
     0 | Abyss:1  | Reached XP level 1. HP: 18/18 MP: 2/2
    29 | Abyss:1  | Noticed a blink frog
    32 | D:1      | Escaped the Abyss
   110 | D:1      | Gained mutation: You have sharp fingernails. [demonic ancestry]
   110 | D:1      | Reached XP level 2. HP: 11/24 MP: 3/3
   291 | D:1      | Reached skill level 2 in Long Blades
   335 | D:1      | Reached * piety under Lugonu
   600 | D:1      | Reached XP level 3. HP: 23/29 MP: 4/4
   921 | D:2      | Reached skill level 3 in Long Blades
  1308 | D:3      | Found a shimmering altar of Xom.
  1316 | D:3      | Gained mutation: You have very sharp fingernails. [demonic ancestry]
  1316 | D:3      | Reached XP level 4. HP: 31/35 MP: 5/5
  1418 | D:3      | Noticed Robin
  1430 | D:3      | Killed Robin
  1521 | D:3      | Reached ** piety under Lugonu
  1611 | D:3      | Reached skill level 4 in Long Blades
  1677 | D:3      | HP: 1/35 [gnoll/halberd (9)]
  1678 | D:3      | Mangled by a gnoll

Skill      XL: |  1  2  3  4 |
---------------+-------------+-----
Long Blades    | 2 3 4 |  4.2
Fighting       | |  3.4
Armour         | |  1.9
Dodging        | |  0.8
Invocations    | |  2.5

Action                   |  1- 3 |  4- 6 || total
-------------------------+-------+-------++-------
Melee: Falchion          |   135 |    87 ||   222
Invok: Depart the Abyss  |     1 |       ||     1
Evoke: Wand              |       |     2 ||     2
  Use: Scroll            |       |     4 ||     4
       Potion            |       |     1 ||     1
  Eat: Chunk             |     2 |     1 ||     3
Armor: Chain mail        |   125 |    73 ||   198
Dodge: Dodged            |    47 |    36 ||    83
       Rpst.: Falchion   |     9 |    14 ||    23
